 Dungeon Crawl Stone Soup version 0.23.0 (webtiles) character file.

Game seed: 15975235267722875723

132 BarneyGumball the Sneak (level 4, 0/22 HPs)
             Began as a Spriggan Skald on Feb 18, 2019.
             Slain by a gnoll
             ... wielding a +0 halberd
              (8 damage)
             ... on level 3 of the Dungeon.
             The game lasted 00:15:31 (4532 turns).

BarneyGumball the Sneak (Spriggan Skald)            Turns: 4532, Time: 00:15:32

Health: 0/22       AC:  2    Str:  8    XL:     4   Next: 92%
Magic:  9/9        EV: 18    Int: 14    God:
Gold:   92         SH:  0    Dex: 15    Spells: 5/8 levels left

rFire    . . .     SeeInvis +   n - +3 dagger
rCold    . . .     Gourm    .   (shield restricted)
rNeg     . . .     Faith    .   b - +0 robe
rPois    .         Spirit   .   (helmet restricted)
rElec    .         Reflect  .   (no cloak)
rCorr    .         Harm     .   (gloves unavailable)
MR       .....                  (boots unavailable)
Stlth    +++.......             (no amulet)
HPRegen  0.07/turn              (no ring)
MPRegen  0.11/turn              (no ring)

@: very quick
A: very small, unfitting armour, see invisible, herbivore, speed 3, slow
metabolism 2
a: no special abilities


You were on level 3 of the Dungeon.
You were not hungry.

You visited 1 branch of the dungeon, and saw 3 of its levels.

You collected 92 gold pieces.

Inventory:

Hand Weapons
 f - a +0 hunting sling
 m - a +0 rapier
 n - a +3 dagger (weapon)
Armour
 b - a +0 robe (worn)
Jewellery
 c - an uncursed ring of see invisible {unknown}
 p - an uncursed ring of protection from cold {unknown}
 r - a cursed ring of teleportation {unknown}
Scrolls
 h - 2 scrolls of enchant weapon {unknown}
 i - 5 scrolls of identify {unknown}
 k - 2 scrolls of teleportation {unknown}
 l - a scroll of fear {unknown}
Potions
 e - a potion of brilliance {unknown}
 g - a potion of flight {unknown}
 j - 2 potions of curing
 o - a potion of degeneration {unknown}
 q - a potion of invisibility {unknown}
Comestibles
 d - 4 rations


   Skills:
 - Level 1.5 Fighting
 + Level 3.5 Short Blades
 - Level 3.5 Dodging
 * Level 5.9 Stealth
 - Level 2.6 Spellcasting
 + Level 4.6 Charms


You had 5 spell levels left.
You knew the following spells:

 Your Spells              Type           Power        Failure   Level  Hunger
a - Infusion              Chrm           ##..         3%          1    #......
b - Shroud of Golubria    Chrm/Tloc      #.........   13%         2    ###....

Your spell library contained the following spells:

 Spells                   Type           Power        Failure   Level  Hunger
 Song of Slaying          Chrm           ##......     4%          2    ###....
 Regeneration             Chrm/Necr      #.........   26%         3    ###....
 Spectral Weapon          Hex/Chrm       #.......     26%         3    ###....


Dungeon Overview and Level Annotations

Branches:
Dungeon (3/15)

Altars:
Elyvilon
Kikubaaqudgha
Vehumet
Zin
The Shining One

Annotations:
D:1 1 runed translucent door
D:3 1 runed translucent door, exclusions: orc and scorpion, Crazy Yiuf


Innate Abilities, Weirdness & Mutations

You are very small and have problems with some larger weapons.
You are too small for most types of armour.
You have supernaturally acute eyesight. (SInv)
You are a herbivore.
You cover ground extremely quickly.
You need to consume almost no food.


Message History

You start resting.
The gnoll is too close now for your liking.
There is a stone staircase leading up here.
You climb upwards.
Level annotation: 1 runed translucent door
There is a stone staircase leading down here.
You start resting.
HP restored.
You climb downwards.
There is a stone staircase leading up here.
There is a stone staircase leading down here.
You drop a +0 short sword.
You climb downwards.
Level annotation: 1 runed translucent door, exclusions: orc and scorpion, Crazy Yiuf
There is a stone staircase leading up here.
The gnoll misses you.
You barely miss the gnoll. The gnoll hits you with a +0 halberd!
Ouch! That really hurt!
The gnoll hits you from afar with a +0 halberd!
You die...

.#......≈≈≈≈≈...#.#..♣.♣♣♣ ###
#
.#....##≈≈≈≈≈......P..♣..♣#...#
.####.#≈≈≈≈≈.........♣♣♣♣.+.g.#
.# #.#≈≈≈≈≈...#..#P♣♣ ♣♣#..)# #
.####÷#≈≈≈≈#.#.####♣♣ ### #
......≈≈≈≈≈#....## #
.##...≈≈≈≈≈#....g#
.#....≈≈≈≈##.###.########### ##
.#....≈≈≈≈...# #@.<........# #.
.#..>.≈≈≈≈##.###.##.##.###.# #.
##..#.≈≈≈≈.......##.##.# #.# ##
......≈≈≈≈≈###.####.##.# #.#
.#.###≈≈≈≈≈# #.)..<....# #.#
.#.# ##≈≈≈≈# #÷####.#### #.#
.#.####≈≈≈≈###.# #.# #.#
.#..#..≈≈≈≈≈...# #.# #.######
.#..#.#≈≈≈≈≈####
#g######.......


You could see a gnoll.

Vanquished Creatures
  An iguana (D:3)
  A gnoll (D:3)
  2 adders (D:2)
  An ooze (D:3)
  2 dart slugs
  2 worms
  A leopard gecko (D:1)
  An orc (D:3)
  4 giant cockroaches
  10 goblins
  3 hobgoblins
  4 jackals (D:3)
  3 quokkas
  7 bats
  3 frilled lizards
  8 kobolds
  8 rats
61 creatures vanquished.

Notes
Turn   | Place    | Note
-------+----------+-------------------------------------------
     0 | D:1      | BarneyGumball the Spriggan Skald began the quest for the
                  | Orb.
     0 | D:1      | Reached XP level 1. HP: 10/10 MP: 5/5
     1 | D:1      | Found a runed translucent door.
   103 | D:1      | Reached skill level 1 in Stealth
   488 | D:1      | Reached skill level 2 in Stealth
   514 | D:1      | Reached XP level 2. HP: 14/14 MP: 6/6
  1171 | D:1      | Reached skill level 3 in Stealth
  2135 | D:2      | Found an ancient bone altar of Kikubaaqudgha.
  2135 | D:2      | Found a white marble altar of Elyvilon.
  2137 | D:2      | Reached XP level 3. HP: 18/18 MP: 8/8
  2553 | D:2      | Reached skill level 4 in Stealth
  3346 | D:3      | Found a runed translucent door.
  3347 | D:3      | Noticed Crazy Yiuf
  3636 | D:3      | Reached XP level 4. HP: 20/22 MP: 9/9
  3653 | D:3      | Reached skill level 5 in Stealth
  3804 | D:3      | Learned a level 2 spell: Shroud of Golubria
  4258 | D:3      | Found a glowing golden altar of the Shining One.
  4261 | D:3      | Found a glowing silver altar of Zin.
  4263 | D:3      | Found a radiant altar of Vehumet.
  4532 | D:3      | Slain by a gnoll

Skill      XL: |  1  2  3  4 |
---------------+-------------+-----
Stealth        | 2 3 4 5 |  5.9
Short Blades   | 3 |  3.5
Fighting       | |  1.5
Dodging        | |  3.5
Spellcasting   | |  2.6
Charms         | |  4.6

Action                   |  1- 3 |  4- 6 || total
-------------------------+-------+-------++-------
Melee: Short sword       |   151 |       ||   151
       Dagger            |    13 |    86 ||    99
 Cast: Infusion          |     2 |       ||     2
 Stab: Sleeping          |    11 |     2 ||    13
  Eat: Ration            |       |     1 ||     1
Armor: Robe              |    13 |     1 ||    14
Dodge: Dodged            |   109 |    52 ||   161
